 Dungeon Crawl Stone Soup version 0.31.0-32-g396128a36d (webtiles) character file.

Game seed: 15185288715179623701

8620 TacoSundae the Nimble (level 11, -14/86 HPs)
             Began as a Gnoll Gladiator on Apr 16, 2024.
             Was a High Priest of Okawaru.
             Demolished by a komodo dragon (21 damage)
             ... on level 1 of the Lair of Beasts.
             The game lasted 00:28:11 (9935 turns).

TacoSundae the Nimble (Gnoll Gladiator)             Turns: 9935, Time: 00:28:11

Health: -14/86     AC: 11    Str: 19    XL:     11   Next: 33%
Magic:  20/20      EV: 16    Int:  8    God:    Okawaru [*****.]
Gold:   423        SH: 11    Dex: 18    Spells: 22/22 levels left

rFire   . . .        a - +1 falchion
rCold   + . .        G - +0 kite shield
rNeg    . . .        q - +1 leather armour {rC+}
rPois   +            E - +1 helmet
rElec   .            B - +2 cloak
rCorr   .            (no gloves)
SInv    .            n - +0 pair of boots
Will    .....        (no amulet)
Stlth   +++          o - ring of poison resistance
HPRegen 0.34/turn    y - +6 ring of strength
MPRegen 0.17/turn

%: no passive effects
@: no status effects
A: fangs 1, strong nose, distributed training
a: Renounce Religion, Heroism, Finesse, Duel


You were on level 1 of the Lair of Beasts.
You worshipped Okawaru.
Okawaru was extremely pleased with you.
You visited 3 branches of the dungeon, and saw 13 of its levels.

You collected 462 gold pieces.
You spent 39 gold pieces at shops.

Inventory:

Hand Weapons
 a - a +1 falchion (weapon)
 b - a +4 great sword
 D - a +1 dagger of draining
Missiles
 d - a throwing net
 e - a javelin
 w - a boomerang (quivered)
 A - 23 poisoned darts
Armour
 n - a +0 pair of boots (worn)
 q - a +1 leather armour of cold resistance (worn)
 B - a +2 cloak (worn)
 E - a +1 helmet (worn)
 G - a +0 kite shield (worn)
Jewellery
 c - an amulet of guardian spirit
 o - a ring of poison resistance (left hand)
 y - a +6 ring of strength (right hand)
Wands
 r - a wand of roots (6)
 t - a wand of polymorph (7)
 H - a wand of digging (7)
Scrolls
 f - 6 scrolls of teleportation
 g - 2 scrolls of identify
 j - a scroll of vulnerability
 z - 3 scrolls of fog
 C - 3 scrolls of fear
 F - 2 scrolls of enchant armour
Potions
 h - a potion of brilliance
 i - 2 potions of haste
 k - a potion of resistance
 l - 2 potions of enlightenment
 m - 4 potions of lignification
 p - 4 potions of cancellation
 s - 2 potions of mutation
 u - a potion of magic
 v - 6 potions of curing


   Skills:
 + Level 8.0 Fighting
 + Level 6.4 Short Blades
 + Level 9.3 Long Blades
 + Level 6.4 Axes
 + Level 6.4 Maces & Flails
 + Level 6.4 Polearms
 + Level 6.4 Staves
 + Level 6.4 Ranged Weapons
 + Level 8.0 Throwing
 + Level 6.4 Armour
 + Level 9.3 Dodging
 + Level 6.4 Stealth
 + Level 6.4 Shields
 + Level 6.4 Unarmed Combat
 + Level 6.4 Spellcasting
 + Level 5.3 Conjurations
 + Level 5.3 Hexes
 + Level 5.3 Summonings
 + Level 5.3 Necromancy
 + Level 5.3 Translocations
 + Level 5.3 Fire Magic
 + Level 5.3 Ice Magic
 + Level 5.3 Air Magic
 + Level 5.3 Earth Magic
 + Level 5.3 Alchemy
 + Level 7.0 Invocations
 + Level 6.4 Evocations
 + Level 5.8 Shapeshifting


You had 22 spell levels left.
You didn't know any spells.
Your spell library contained the following spells:

 Spells                   Type           Power      Damage    Failure   Level
 Freeze                   Ice            44%        1d6       7%          1
 Frozen Ramparts          Ice            22%        1d4       21%         3
 Hailstorm                Conj/Ice       11%        3d6       21%         3


Dungeon Overview and Level Annotations

Branches:
Dungeon (11/15)            Temple (1/1) D:4            Lair (1/5) D:9
    Orc: D:9-12

Altars:
Ashenzari
Cheibriados
Dithmenos
Elyvilon
Fedhas
Gozag
Hepliaklqana
Kikubaaqudgha
Makhleb
Nemelex Xobeh
Okawaru
Qazlal
Ru
Sif Muna
Trog
Uskayaw
Vehumet
Wu Jian
Xom
Yredelemnul
Zin
The Shining One

Shops:
D:5 *

Annotations:
D:7 1 runed translucent door, Crazy Yiuf
Lair:1 2 transporters, Dadgum123's ghost, journeyman MiBe


Innate Abilities, Weirdness & Mutations

You have very sharp teeth.
Your uncanny sense of smell can sniff out nearby items.
Your experience applies equally to all skills.


Message History

You slash the komodo dragon!
The komodo dragon is heavily wounded.
The komodo dragon closely misses you.
You hit the komodo dragon but do no damage.
The komodo dragon is heavily wounded.
You block the komodo dragon's attack.
You closely miss the komodo dragon.
The komodo dragon is heavily wounded.
The komodo dragon bites you!!
You hit the komodo dragon but do no damage.
The komodo dragon is heavily wounded.
The komodo dragon bites you!!
You are too injured to fight recklessly!
You are too injured to fight recklessly!
You are too injured to fight recklessly!
You hit the komodo dragon.
The komodo dragon is heavily wounded.
The komodo dragon bites you!!
* * * LOW HITPOINT WARNING * * *
You slash the komodo dragon!
The komodo dragon is severely wounded.
The komodo dragon bites you!
* * * LOW HITPOINT WARNING * * *
You hit the komodo dragon.
The komodo dragon is severely wounded.
A water moccasin comes into view.
The water moccasin hisses angrily.
You hit the komodo dragon.
The komodo dragon is severely wounded.
You block the komodo dragon's attack.
You hit the komodo dragon but do no damage.
You bite the komodo dragon, but do no damage.
The komodo dragon is severely wounded.
The komodo dragon bites you.
* * * LOW HITPOINT WARNING * * *
You hit the komodo dragon but do no damage.
Your bite misses the komodo dragon.
The komodo dragon is severely wounded.
The komodo dragon bites you!!
You die...

##........##
#....#.....#
##...#......##
##...####..(>.##
##...## #......#
##...## ##.....#
#...#########....##
...####.....#.....#
...###..........@.##
..###..#####....l..#
##.#..##FFF##.....##
###†.##h###F##.....#
##†.##.$hYSF.##...SP#
.†.##8..h~F.W8##(....#
..##..#$###.#hS##..#..#
.##..~$##.##.~..##((.##
.#F#h.#....# .#.. #


You could see a komodo dragon, a cane toad, a blink frog, a water moccasin and a
wolf.

Vanquished Creatures
  2 two-headed ogres
  2 cane toads (Lair:1)
  2 kobold demonologists
  2 komodo dragons (Lair:1)
  A troll (D:10)
  A hornet (D:10)
  Grinder (D:5)
  A wraith (D:10)
  8 yaks
  5 water moccasins (Lair:1)
  2 orc warriors
  A sky beast (D:8)
  8 wolves (Lair:1)
  2 phantoms
  3 centaurs
  2 kobold brigands (D:9)
  3 bullfrogs
  5 scorpions
  3 wights (D:8)
  4 killer bees (D:9)
  An electric eel (Lair:1)
  2 howler monkeys
  7 orc priests
  A bombardier beetle (D:3)
  A gnoll bouda (D:5)
  2 hounds
  Jessica (D:2)
  A sleepcap (D:6)
  Ijyb (D:3)
  An iguana (D:7)
  7 orc wizards
  16 gnolls
  11 adders
  2 shadow imps (D:5)
  A dart slug (D:3)
  2 ribbon worms (D:2)
  27 orcs
  7 ball pythons
  5 endoplasms
  6 giant cockroaches
  7 hobgoblins
  13 kobolds
  2 quokkas
  4 bats
  3 frilled lizards
  7 goblins
  7 rats
203 creatures vanquished.

Notes
Turn   | Place    | Note
-------+----------+-------------------------------------------
     0 | D:1      | TacoSundae the Gnoll Gladiator began the quest for the Orb.
     0 | D:1      | Reached XP level 1. HP: 20/20 MP: 1/1
   211 | D:1      | Reached XP level 2. HP: 26/26 MP: 2/2
   728 | D:1      | Reached XP level 3. HP: 19/31 MP: 2/4
   774 | D:2      | Reached skill level 1 in Invocations
   774 | D:2      | You fall into a shaft and drop 2 floors!
   880 | D:4      | Reached skill level 1 in Short Blades
   880 | D:4      | Reached skill level 1 in Axes
   880 | D:4      | Reached skill level 1 in Maces & Flails
   880 | D:4      | Reached skill level 1 in Polearms
   880 | D:4      | Reached skill level 1 in Staves
   880 | D:4      | Reached skill level 1 in Ranged Weapons
   880 | D:4      | Reached skill level 1 in Armour
   880 | D:4      | Reached skill level 1 in Stealth
   880 | D:4      | Reached skill level 1 in Shields
   880 | D:4      | Reached skill level 1 in Unarmed Combat
   880 | D:4      | Reached skill level 1 in Spellcasting
   880 | D:4      | Reached skill level 1 in Evocations
   941 | D:4      | Noticed a scorpion
   960 | D:4      | Killed a scorpion
   961 | D:4      | Reached skill level 1 in Conjurations
   961 | D:4      | Reached skill level 1 in Hexes
   961 | D:4      | Reached skill level 1 in Summonings
   961 | D:4      | Reached skill level 1 in Necromancy
   961 | D:4      | Reached skill level 1 in Translocations
   961 | D:4      | Reached skill level 1 in Fire Magic
   961 | D:4      | Reached skill level 1 in Ice Magic
   961 | D:4      | Reached skill level 1 in Air Magic
   961 | D:4      | Reached skill level 1 in Earth Magic
   961 | D:4      | Reached skill level 1 in Alchemy
   961 | D:4      | Reached skill level 1 in Shapeshifting
   961 | D:4      | Reached XP level 4. HP: 38/38 MP: 5/5
  1113 | D:3      | Noticed Ijyb
  1130 | D:2      | Noticed Jessica
  1136 | D:2      | Killed Jessica
  1137 | D:2      | Reached XP level 5. HP: 43/43 MP: 7/7
  1775 | D:3      | Killed Ijyb
  1776 | D:3      | Reached XP level 6. HP: 50/50 MP: 8/8
  1780 | D:3      | Reached skill level 5 in Fighting
  1780 | D:3      | Reached skill level 5 in Throwing
  1933 | D:3      | Found a faded altar of an unknown god.
  2375 | D:4      | Found a staircase to the Ecumenical Temple.
  2384 | Temple   | Entered the Ecumenical Temple
  2518 | D:4      | Reached XP level 7. HP: 51/56 MP: 10/10
  2844 | D:5      | Entered Level 5 of the Dungeon
  2866 | D:5      | Found an ancient bone altar of Kikubaaqudgha.
  3222 | D:5      | Noticed Grinder
  3239 | D:5      | Killed Grinder
  3240 | D:5      | Reached XP level 8. HP: 41/63 MP: 12/12
  3561 | D:5      | Found Ugori's General Store.
  3567 | D:5      | Bought a potion of curing for 39 gold pieces
  5287 | D:7      | Found a runed translucent door.
  5288 | D:7      | Noticed Crazy Yiuf
  5860 | D:8      | Found a burning altar of Makhleb.
  5871 | D:8      | Found a stormy altar of Qazlal.
  6194 | D:8      | Found a glowing silver altar of Zin.
  6231 | D:8      | Found an iron altar of Okawaru.
  6235 | D:8      | Became a worshipper of Warmaster Okawaru
  6278 | D:8      | Reached XP level 9. HP: 47/69 MP: 14/14
  6807 | D:9      | Reached * piety under Okawaru
  6895 | D:9      | Noticed a kobold demonologist
  6915 | D:9      | Killed a kobold demonologist
  6916 | D:9      | Reached skill level 5 in Invocations
  7290 | D:9      | Noticed a two-headed ogre
  7300 | D:9      | Killed a two-headed ogre
  7300 | D:9      | Reached ** piety under Okawaru
  7301 | D:9      | Reached skill level 5 in Short Blades
  7301 | D:9      | Reached skill level 5 in Axes
  7301 | D:9      | Reached skill level 5 in Maces & Flails
  7301 | D:9      | Reached skill level 5 in Polearms
  7301 | D:9      | Reached skill level 5 in Staves
  7301 | D:9      | Reached skill level 5 in Ranged Weapons
  7301 | D:9      | Reached skill level 5 in Armour
  7301 | D:9      | Reached skill level 5 in Stealth
  7301 | D:9      | Reached skill level 5 in Shields
  7301 | D:9      | Reached skill level 5 in Unarmed Combat
  7301 | D:9      | Reached skill level 5 in Spellcasting
  7301 | D:9      | Reached skill level 5 in Evocations
  7301 | D:9      | Reached XP level 10. HP: 77/77 MP: 17/17
  7308 | D:9      | Found a radiant altar of Vehumet.
  7313 | D:9      | Found a white marble altar of Elyvilon.
  7365 | D:9      | Found a basalt altar of Yredelemnul.
  7581 | D:9      | Found a staircase to the Lair.
  7696 | D:10     | Entered Level 10 of the Dungeon
  8193 | D:10     | Reached skill level 5 in Shapeshifting
  8348 | D:10     | Noticed a kobold demonologist
  8354 | D:10     | Noticed an orange demon
  8357 | D:10     | Killed a kobold demonologist
  8357 | D:10     | Reached *** piety under Okawaru
  8677 | D:10     | Noticed a two-headed ogre
  8689 | D:10     | Killed a two-headed ogre
  8945 | D:11     | Noticed a gargoyle
  9016 | Lair:1   | Entered Level 1 of the Lair of Beasts
  9017 | Lair:1   | Noticed a cane toad
  9049 | D:9      | HP: 3/79 [yak (4)]
  9053 | D:9      | HP: 1/79 [yak (3)]
  9060 | D:9      | Reached **** piety under Okawaru
  9066 | D:9      | Reached skill level 5 in Conjurations
  9066 | D:9      | Reached skill level 5 in Hexes
  9066 | D:9      | Reached skill level 5 in Summonings
  9066 | D:9      | Reached skill level 5 in Necromancy
  9066 | D:9      | Reached skill level 5 in Translocations
  9066 | D:9      | Reached skill level 5 in Fire Magic
  9066 | D:9      | Reached skill level 5 in Ice Magic
  9066 | D:9      | Reached skill level 5 in Air Magic
  9066 | D:9      | Reached skill level 5 in Earth Magic
  9066 | D:9      | Reached skill level 5 in Alchemy
  9259 | Lair:1   | Reached XP level 11. HP: 62/85 MP: 20/20
  9757 | Lair:1   | Found a transporter.
  9763 | Lair:1   | Noticed a death yak
  9767 | Lair:1   | Noticed a death yak
  9767 | Lair:1   | Noticed Dadgum123's ghost (journeyman MiBe)
  9795 | Lair:1   | Reached ***** piety under Okawaru
  9918 | Lair:1   | Found a transporter.
  9935 | Lair:1   | Demolished by a komodo dragon

Illustrated notes

Levels and vault maps discovered:
D:1:      lightli_molten_gateway, layout_loops_ring, serial_glass,
          glass_columns_c, glass_columns_b, minmay_small_reverse_x
D:2:      layout_rooms, dreamdust_princess_corridor, minmay_misc_feat_plants,
          uniq_jessica
D:3:      layout_basic, ebering_ecumenical_altar_box, uniq_ijyb
D:4:      layout_basic, minmay_temple_entry_butterflies
D:5:      layout_layer_cave, kiku_gazebo_pond_becter, serial_shops,
          shop_fountains, nicolae_half_adder, uniq_grinder
D:6:      layout_basic, serial_corexii_hall, corexii_hall_statues_i,
          corexii_hall_statues_i, st_stairs_7
D:7:      layout_loops_ring, uniq_crazy_yiuf_cottage
D:8:      layout_rooms, nicolae_overflow_quartered_altars
D:9:      layout_irregular_city, grunt_temple_overflow_open, lair_entry_dummy
D:10:     layout_stronghold
D:11:     layout_irregular_city, orc_0_dummy, chequers_serial_rivers_large_b
Temple:   compressed_dpeg_circular_temple
Lair:1:   layout_hall_layers, nzn_ghost_randoct, infiniplex_staircase_pool

Skill      XL: |  1  2  3  4  5  6  7  8  9 10 11 |
---------------+----------------------------------+-----
Invocations    | 1 2 3 4 5 6 7 |  7.0
Short Blades   | 1 2 3 5 6 |  6.4
Axes           | 1 2 3 5 6 |  6.4
Maces & Flails | 1 2 3 5 6 |  6.4
Polearms       | 1 2 3 5 6 |  6.4
Staves         | 1 2 3 5 6 |  6.4
Ranged Weapons | 1 2 3 5 6 |  6.4
Armour         | 1 2 3 5 6 |  6.4
Stealth        | 1 2 3 5 6 |  6.4
Shields        | 1 2 3 5 6 |  6.4
Unarmed Combat | 1 2 3 5 6 |  6.4
Spellcasting   | 1 2 3 5 6 |  6.4
Evocations     | 1 2 3 5 6 |  6.4
Conjurations   | 1 2 3 4 5 |  5.3
Hexes          | 1 2 3 4 5 |  5.3
Summonings     | 1 2 3 4 5 |  5.3
Necromancy     | 1 2 3 4 5 |  5.3
Translocations | 1 2 3 4 5 |  5.3
Fire Magic     | 1 2 3 4 5 |  5.3
Ice Magic      | 1 2 3 4 5 |  5.3
Air Magic      | 1 2 3 4 5 |  5.3
Earth Magic    | 1 2 3 4 5 |  5.3
Alchemy        | 1 2 3 4 5 |  5.3
Shapeshifting  | 1 2 3 4 5 |  5.8
Fighting       | 5 6 7 8 |  8.0
Throwing       | 5 6 7 8 |  8.0
Long Blades    | 7 8 9 |  9.3
Dodging        | 7 8 9 |  9.3

Action                     |  1- 3 |  4- 6 |  7- 9 | 10-12 || total
---------------------------+-------+-------+-------+-------++-------
  Melee: Long sword        |    74 |   126 |   320 |       ||   520
         Bite              |     4 |    18 |    48 |    28 ||    98
         Punch             |     1 |     3 |    11 |       ||    15
         Unarmed           |       |     8 |       |       ||     8
         Falchion          |       |       |    81 |    47 ||   128
         Great sword       |       |       |    23 |   188 ||   211
  Throw: Throwing net      |     1 |       |     3 |     1 ||     5
         Dart              |       |     1 |       |       ||     1
         Boomerang         |       |       |    26 |    21 ||    47
         Javelin           |       |       |       |     5 ||     5
 Invoke: Heroism           |       |       |       |     2 ||     2
    Use: Scroll            |       |       |    18 |     1 ||    19
         Potion            |       |       |     4 |     2 ||     6
   Stab: Sleeping          |     1 |     3 |     5 |       ||     9
         Confused          |       |     1 |       |       ||     1
         Held in net/web   |       |       |     2 |     3 ||     5
         Distracted        |       |       |     1 |     1 ||     2
 Armour: Leather armour    |    45 |    56 |   223 |   144 ||   468
  Dodge: Dodged            |    73 |    78 |   294 |   188 ||   633
  Block: Kite shield       |       |       |       |    19 ||    19
